 Dungeon Crawl Stone Soup version 0.29-a0-338-g1ff7896281 (webtiles) character file.

Game seed: 9886058152425397508

6555 Dauddaud the Severer (level 10, -3/73 (77) HPs)
             Began as a Minotaur Berserker on Apr 19, 2022.
             Was a Priest of Trog.
             Slain by Psyche
             ... wielding a +2 dagger of chaos
              (4 damage)
             ... on level 8 of the Dungeon.
             The game lasted 00:27:40 (9987 turns).

Dauddaud the Severer (Minotaur Berserker)           Turns: 9987, Time: 00:27:41

HP:   -3/73 (77)    AC: 19    Str: 26      XL:     10   Next: 70%
MP:   9/9           EV:  7    Int:  4      God:    Trog [***...]
Gold: 980           SH:  0    Dex: 10 (12) Spells: 9/9 levels left

rFire   . . .      SeeInvis .   D - +0 war axe
rCold   . . .      Faith    .   (no shield)
rNeg    . . .      Spirit   .   E - +0 plate armour
rPois   .          Reflect  .   (helmet restricted)
rElec   .          Harm     .   s - +0 cloak
rCorr   .          Rampage  .   x - +0 pair of gloves
Will    .....                   v - +1 pair of boots
Stlth   ..........              (no amulet)
HPRegen 0.22/turn               R - ring "Gompavao" {+Blink Fly Dex+2}
MPRegen 0.11/turn               n - +4 ring of protection

@: lethally poisoned (-3 -> -5), on berserk cooldown, flying, slowed, drained,
very slow
A: horns 2, retaliatory headbutt
a: Renounce Religion, Evoke Blink, Berserk, Trog's Hand


You were on level 8 of the Dungeon.
You worshipped Trog.
Trog was most pleased with you.
You visited 1 branch of the dungeon, and saw 8 of its levels.
You visited the Abyss 1 time.
You also visited: Bailey.

You collected 1040 gold pieces.
You spent 60 gold pieces at shops.

Inventory:

Hand Weapons
 a - a +0 hand axe
 D - a +0 war axe (weapon)
 U - a +0 battleaxe of venom
Missiles
 k - 2 throwing nets (quivered)
Armour
 b - a +0 animal skin
 e - a +0 scale mail
 s - a +0 cloak (worn)
 v - a +1 pair of boots (worn)
 x - a +0 pair of gloves (worn)
 y - a +0 chain mail
 E - a +0 plate armour (worn)
 O - a +0 troll leather armour
Jewellery
 h - a +4 ring of slaying
 n - a +4 ring of protection (right hand)
 o - a ring of positive energy
 R - the ring "Gompavao" (left hand) {+Blink Fly Dex+2}
   (You found it in a bailey)

   [ring of flight]

   Dex:       It affects your dexterity (+2).
   Fly:       It grants you flight.
   +Blink:    It lets you blink.
Wands
 r - a wand of flame (11)
 J - a wand of digging (5)
 L - a wand of polymorph (4)
 M - a wand of mindburst (2)
Scrolls
 c - a scroll of holy word
 j - 3 scrolls of enchant weapon
 l - 3 scrolls of noise
 m - a scroll of teleportation
 p - 3 scrolls of amnesia
 t - 2 scrolls of brand weapon
 w - 2 scrolls of fog {unknown}
 C - a scroll of enchant armour {unknown}
 K - a scroll of fear {unknown}
 N - a scroll of magic mapping {unknown}
 P - a scroll of blinking {unknown}
 T - a scroll of torment {unknown}
Potions
 d - 2 potions of haste {unknown}
 f - a potion of cancellation {unknown}
 g - 2 potions of degeneration {unknown}
 i - 7 potions of curing {unknown}
 q - 3 potions of mutation {unknown}
 u - a potion of heal wounds
 z - a potion of berserk rage {unknown}
 A - a potion of attraction {unknown}
 B - 2 potions of lignification {unknown}
 F - a potion of invisibility
 G - 2 potions of might {unknown}
 H - 2 potions of brilliance {unknown}
 I - 3 potions of resistance
 S - a potion of ambrosia {unknown}
Miscellaneous
 Q - a box of beasts


   Skills:
 - Level 3.6 Fighting
 + Level 19.1 Axes
 - Level 2.4 Armour
 - Level 2.1 Dodging


You had 9 spell levels left.
You didn't know any spells.
Your spell library was empty.

Dungeon Overview and Level Annotations

Branches:
Dungeon (8/15)             Temple (0/1) D:5          Bailey (visited)
   Lair: D:8-11

Altars:
Trog

Shops:
D:2 ?

Annotations:
D:8 Psyche


Innate Abilities, Weirdness & Mutations

You have a pair of horns on your head.
You reflexively headbutt those who attack you in melee.


Message History

That felt strangely unrewarding.
You hear a splash. x2
You closely miss the vampire.
You feel sick.
You slice the vampire!!
The vampire is almost destroyed.
You feel sick. The vampire closely misses you. The vampire bites you.
* * * LOW HITPOINT WARNING * * *
The vampire draws strength from your injuries!
You slash the vampire!
The vampire is almost destroyed.
You feel sick.
You completely miss the vampire. Your headbutt misses the vampire.
The vampire is almost destroyed.
You feel sick. The vampire draws life force from you!
* * * LOW HITPOINT WARNING * * *
The vampire is healed by the life force!
You slash the vampire!
You destroy the vampire!
That felt strangely unrewarding.
You feel sick.
A wight comes into view. It is wielding a +0 great sword.
The substance of the Abyss twists violently, and a gateway leading out appears!
You feel sick.
There is a gateway leading out of the Abyss here.
Things that are here:
a +0 battleaxe of venom; a +0 robe
U - a +0 battleaxe of venom You feel a strong urge to attack something.
You are no longer berserk.
You are exhausted.
You feel yourself slow down.
You feel sick.
You pass through the gate.
Welcome back to the Dungeon!
Level annotation: Psyche Reactivating autopickup.
Your skin stops crawling.
You feel less strong-willed.
* * * LOW HITPOINT WARNING * * *
You feel sick.
Psyche drinks a potion.
Psyche flickers and vanishes!
Deactivating autopickup; reactivate with Ctrl-A.
Something hits you.
You die...

#.... #...#
#...### ##
##.....### #..
##....<...#
#...###....###...#
#..........# ....#
#..........## ....
#..>...@....# ...
#......###...# ..
#>.##.{ ##..... .
# #.{ #..... #..
#..... #.. .....
#.. ..... ##.


There were no monsters in sight!

Vanquished Creatures
  A two-headed ogre (D:7)
  A glowing orange brain (Abyss:1)
  Pikel (D:6)
  A deep elf pyromancer (D:7)
  A smoke demon (Abyss:1)
  A komodo dragon (D:7)
  A kobold demonologist (D:7)
  2 ancient zymes (Abyss:1)
  2 trolls
  Prince Ribbit (D:6)
  Sigmund (D:6)
  A vampire (Abyss:1)
  4 ice beasts
  A sky beast (D:6)
  Duvessa (D:6)
  A black bear (D:7)
  3 orc warriors
  4 wolves (Bailey)
  A small abomination (Abyss:1)
  2 centaurs
  A kobold brigand (D:7)
  A necrophage (D:4)
  2 scorpions
  2 bullfrogs (D:6)
  5 gnoll sergeants
  3 wights (Abyss:1)
  Dowan (D:6)
  A jelly (D:5)
  2 quasits (Abyss:1)
  Crazy Yiuf (D:2)
  5 hounds
  An orc priest (D:6)
  An iron imp (Abyss:1)
  Natasha (thrice) (D:2)
  4 gnoll shamans (Bailey)
  4 iguanas
  4 orc wizards (D:6)
  26 gnolls
  11 adders
  A white imp (D:6)
  2 ufetubi
  3 worms
  5 dart slugs
  25 orcs
  3 bats (D:3)
  7 endoplasms
  2 giant cockroaches
  8 goblins
  9 hobgoblins
  6 jackals
  3 quokkas
  5 ball pythons
  5 frilled lizards
  7 kobolds
  12 rats
  A spectral goblin (D:1)
213 creatures vanquished.

Vanquished Creatures (collateral kills)
  2 wolves (Bailey)
  4 gnoll sergeants (Bailey)
  2 gnoll shamans (Bailey)
  3 gnolls (Bailey)
11 creatures vanquished.

Grand Total: 224 creatures vanquished

Notes
Turn   | Place    | Note
-------+----------+-------------------------------------------
     0 | D:1      | Dauddaud the Minotaur Berserker began the quest for the
                  | Orb.
     0 | D:1      | Reached XP level 1. HP: 19/19 MP: 0/0
   240 | D:1      | Found a faded altar of an unknown god.
   281 | D:1      | Reached skill level 4 in Axes
   476 | D:1      | Reached XP level 2. HP: 26/26 MP: 1/1
  1256 | D:2      | Reached skill level 5 in Axes
  1256 | D:2      | Reached XP level 3. HP: 31/31 MP: 2/2
  1668 | D:2      | Found Awkeugoe's Magic Scroll Emporium.
  1675 | D:2      | Reached ** piety under Trog
  1683 | D:2      | Bought a scroll of teleportation for 36 gold pieces
  1683 | D:2      | Bought a scroll of identify for 24 gold pieces
  1712 | D:2      | Reached skill level 6 in Axes
  1712 | D:2      | Reached XP level 4. HP: 39/39 MP: 3/3
  1778 | D:2      | Noticed Natasha
  1784 | D:2      | Killed Natasha
  2078 | D:2      | Found a runed translucent door.
  2079 | D:2      | Noticed Crazy Yiuf
  2100 | D:2      | Noticed Natasha
  2109 | D:2      | Killed Natasha
  2110 | D:2      | Reached skill level 7 in Axes
  2110 | D:2      | Reached XP level 5. HP: 39/45 MP: 4/4
  2335 | D:2      | Noticed Natasha
  2341 | D:2      | Killed Natasha
  2547 | D:2      | Killed Crazy Yiuf
  2829 | D:3      | Reached skill level 8 in Axes
  2882 | D:3      | Reached *** piety under Trog
  3184 | D:3      | Reached XP level 6. HP: 51/51 MP: 5/5
  3615 | D:4      | Reached skill level 9 in Axes
  3631 | D:4      | Identified the +4 spear "Udeoc" {vorpal, rC- Int+6}
  4114 | D:4      | Reached XP level 7. HP: 43/57 MP: 6/6
  4374 | D:5      | Entered Level 5 of the Dungeon
  4382 | D:5      | Found a staircase to the Ecumenical Temple.
  4512 | D:5      | Reached skill level 10 in Axes
  5513 | D:5      | Reached skill level 11 in Axes
  5887 | D:6      | Noticed Prince Ribbit
  5898 | D:6      | Reached XP level 8. HP: 47/64 MP: 7/7
  5901 | D:6      | Killed Prince Ribbit
  5901 | D:6      | Reached **** piety under Trog
  5902 | D:6      | Reached skill level 12 in Axes
  5980 | D:6      | Noticed Pikel
  6004 | D:6      | Killed Pikel
  6005 | D:6      | Reached skill level 14 in Axes
  6102 | D:6      | Reached XP level 9. HP: 50/70 MP: 8/8
  6652 | D:6      | Noticed Sigmund
  6652 | D:6      | Noticed Duvessa
  6652 | D:6      | Noticed Dowan
  6657 | D:6      | Killed Duvessa
  6658 | D:6      | Reached skill level 15 in Axes
  6666 | D:6      | Killed Sigmund
  6669 | D:6      | Killed Dowan
  6820 | D:7      | Noticed a troll
  6830 | D:6      | Killed a troll
  6955 | D:7      | Noticed a troll
  6961 | D:7      | Reached skill level 16 in Axes
  6963 | D:7      | Killed a troll
  7067 | D:7      | Noticed a two-headed ogre
  7088 | D:7      | Killed a two-headed ogre
  7089 | D:7      | Reached skill level 17 in Axes
  7089 | D:7      | Reached XP level 10. HP: 38/77 MP: 9/9
  7185 | D:7      | Found a flagged portal.
  7196 | Bailey   | Entered a bailey
  8013 | Bailey   | Reached skill level 18 in Axes
  8282 | Bailey   | Identified the ring "Gompavao" {+Blink Fly Dex+2}
  8457 | D:7      | Found a bloodstained altar of Trog.
  8733 | D:7      | Noticed a deep elf pyromancer
  8742 | D:7      | Killed a deep elf pyromancer
  8923 | D:7      | HP: 2/115 [komodo dragon (9)]
  8926 | D:7      | Reached skill level 19 in Axes
  9494 | D:8      | Noticed Psyche
  9494 | D:8      | Cast into level 1 of the Abyss (Psyche)
  9580 | Abyss:1  | Noticed a lich
  9590 | Abyss:1  | Noticed a green death
  9791 | Abyss:1  | Noticed a smoke demon
  9801 | Abyss:1  | Killed a smoke demon
  9884 | Abyss:1  | Noticed a glowing orange brain
  9888 | Abyss:1  | Noticed a large abomination
  9888 | Abyss:1  | Noticed a starcursed mass
  9915 | Abyss:1  | Killed a glowing orange brain
  9938 | Abyss:1  | Noticed a green draconian monk
  9982 | Abyss:1  | HP: 4/109 [vampire/vampiric draining (8)]
  9987 | D:8      | Escaped the Abyss
  9987 | D:8      | HP: 1/73 [poisoned by a wight]
  9987 | D:8      | Slain by Psyche

Illustrated notes

Levels and vault maps discovered:
D:1:      kennysheep_arrival_seaside, layout_basic,
          dreamdust_ecumenical_altar_drowned_temple, kennysheep_boxes
D:2:      layout_loops_ring, serial_shops, shop_scrolls, minmay_misc_feat_rows,
          uniq_crazy_yiuf_cottage, uniq_natasha
D:3:      layout_loops_ring
D:4:      layout_loops_ring, minmay_misc_feat_cross
D:5:      layout_cave_pods, minmay_temple_entry_sparse_star, dk_noncrumbling_3
D:6:      layout_rooms, kennysheep_path_1, kennysheep_another_room,
          minmay_pentangle, uniq_sigmund, uniq_pikel, uniq_prince_ribbit1,
          uniq_duvessa
D:7:      layout_cave_pools, trog_butcher_becter, enter_bailey_5, kb_rosetta
D:8:      layout_layer_cave, serial_bayou_ford_a, uniq_psyche

Skill      XL: |  1  2  3  4  5  6  7  8  9 10 |
---------------+-------------------------------+-----
Axes           | 4 5 6 7 8 9 11 14 17 19 | 19.1
Fighting       | |  3.6
Armour         | |  2.4
Dodging        | |  2.1

Action                   |  1- 3 |  4- 6 |  7- 9 | 10-12 || total
-------------------------+-------+-------+-------+-------++-------
Melee: Hand axe          |    53 |   145 |    43 |       ||   241
       Headbutt          |     8 |    21 |    35 |    33 ||    97
       Punch             |     1 |     1 |     3 |     3 ||     8
       War axe           |       |       |   132 |   155 ||   287
Throw: Throwing net      |       |       |       |     4 ||     4
Invok: Berserk           |     1 |       |     1 |     5 ||     7
       Trog's Hand       |       |       |     1 |     4 ||     5
       Brothers in Arms  |       |       |       |     2 ||     2
 Abil: Evoke Blink       |       |       |       |     4 ||     4
  Use: Scroll            |       |     1 |     3 |     2 ||     6
       Potion            |       |       |       |     1 ||     1
Armor: Animal skin       |     1 |       |       |       ||     1
       Scale mail        |     8 |    60 |     5 |       ||    73
       Plate armour      |       |       |    53 |   133 ||   186
       Chain mail        |       |       |     7 |       ||     7
Dodge: Dodged            |    32 |    58 |    52 |    68 ||   210

Table legend: (Time is in decaauts)
 A = Elapsed time spent in this place.
 B = Non-inter-level travel time spent in this place.
 C = Inter-level travel time spent in this place.
 D = Time resting spent in this place.
 E = Time spent auto-exploring this place.
 F = Levels seen in this place.
 G = Mean time per level.
                   A        B        C        D        E       F      G
               +--------+--------+--------+--------+--------+-----+--------+
         Total |  10016 |   9701 |    315 |   2250 |   5935 |  10 | 1001.6 |
       Dungeon |   8323 |   8008 |    315 |   1321 |   5590 |   8 | 1040.4 |
         Abyss |    530 |    530 |      0 |    287 |     58 |   1 |  530.0 |
        Bailey |   1162 |   1162 |      0 |    641 |    287 |   1 | 1162.0 |
               +--------+--------+--------+--------+--------+-----+--------+

Top non-repeatable levels by time:
     D:1: 1649 daAuts
     D:7: 1501 daAuts
     D:5: 1196 daAuts
  Bailey: 1162 daAuts
     D:2: 1140 daAuts
     D:6: 1075 daAuts
     D:4: 1067 daAuts
     D:3: 681 daAuts
 Abyss:1: 530 daAuts
     D:8: 10 daAuts
